[Event "Senior Men Russian Championship 2022_HL"]
[Site "Saint-Petersburg, Russia"]
[Date "2022.09.26"]
[Round "3.1"]
[White "Ponfilenok, Vladimir"]
[Black "Balashov, Yuri S"]
[Result "1-0"]
[TimeControl "40+30"]
[WhiteElo "2298"]
[BlackElo "2395"]

1. d4 f5 2. Bg5 h6 3. Bh4 g5 4.
e3 Nf6 5. Bg3 d6 6. Nc3 e6 7. h4 Rg8 8. Qd2 Qe7 9. O-O-O Nc6 10. Bb5 a6 11. Bxc6+ bxc6 12. hxg5 hxg5 13.
f3 Bb7 14. Nge2 O-O-O 15. Kb1 c5 16. Na4 Qd7 17. b3 cxd4 18. Qxd4 Nd5 19. e4 Ne7 20. Rh7 Qc6 21. Qa7 Bg7 22.
Nd4 Qd7 23. Rxg7 Rxg7 24. Rd3 Rdg8 25. Rc3 Nc6 26. Nxc6 Bxc6 27. Qxa6+ Bb7 28. Nb6+ Kd8 29. Qxb7 cxb6 30. Qxb6+ Ke8 31.
Bxd6 1-0

[Event "Senior Men Russian Championship 2022_HL"]
[Site "Saint-Petersburg, Russia"]
[Date "2022.09.26"]
[Round "3.4"]
[White "Raetsky, Alexander"]
[Black "Kozlov, Oleg"]
[Result "1-0"]
[TimeControl "40+30"]
[WhiteElo "2384"]
[BlackElo "2279"]

1. d4 d5 2. c4 c6 3. Nf3 Nf6 4. Qc2 dxc4 5. Qxc4 Bf5 6. g3 e6 7. Bg2 Be7 8. O-O O-O 9. Nc3 Nbd7 10.
Re1 Bg6 11. e4 b5 12. Qxc6 b4 13. e5 Rc8 14. Qa6 bxc3 15. exf6 cxb2 16. fxe7 bxa1=Q 17. exd8=Q Rfxd8 18. Bg5 Qc3 19.
Bxd8 Rxd8 20. Qxa7 h6 21. h3 Nf6 22. Qc5 Qb2 23. Qa5 Rd5 24. Qa6 Be4 25. Qe2 Qb7 26. Rc1 Rd8 27. a4 Ra8 28.
Ra1 Qb4 29. Qa2 Ra5 30. Qa3 Qb6 31. Rc1 Bxf3 32. Bxf3 Qxd4 33. Rc8+ Kh7 34. Ra8 Rf5 35. Kg2 Nd7 36. Rd8 Qc5 37.
Qxc5 Nxc5 38. a5 g6 39. Rd6 Nb3 40. a6 Ra5 41. Be2 Nc5 42. Rc6 Na4 43. Kf3 Kg7 44. Ke3 e5 45. Kd2 Nc5 46.
Kc3 Ne4+ 47. Kb4 Ra1 48. Bc4 Rb1+ 49. Bb3 Nd2 50. Rc3 Ra1 51. Ba4 Rb1+ 52. Ka5 Ne4 53. Rc7 Nf6 54. a7 Nd5 55.
Rc6 1-0

[Event "Senior Men Russian Championship 2022_HL"]
[Site "Saint-Petersburg, Russia"]
[Date "2022.09.26"]
[Round "3.5"]
[White "Zhelnin, Vladimir V"]
[Black "Pozin, Sergey"]
[Result "0-1"]
[TimeControl "40+30"]
[WhiteElo "2344"]
[BlackElo "2257"]

1. e4 c5 2. Nc3 e6 3. Nf3 Nc6 4. d4 cxd4 5. Nxd4 d6 6. Be3 Nf6 7. Be2 Be7 8. O-O O-O 9. Kh1 Bd7 10.
Nb3 a6 11. a4 Na5 12. Nd2 Rc8 13. f4 Be8 14. Qe1 d5 15. Qf2 Bb4 16. e5 Nd7 17. Bd3 f5 18. exf6 Nxf6 19. Nf3 Nc4 20.
Bd4 Nxb2 21. Nxd5 Nxd3 22. Nxf6+ Qxf6 23. cxd3 Qxf4 24. Qb2 Bd6 25. Qxb7 Rc7 26. Qb2 Bc6 27. Kg1 Rcf7 28. Be5 Qe3+ 29. Rf2 Bxe5 30. Qxe5 Rxf3 0-1

[Event "Senior Men Russian Championship 2022_HL"]
[Site "Saint-Petersburg, Russia"]
[Date "2022.09.26"]
[Round "3.11"]
[White "Mamoshin, Valery"]
[Black "Pushkov, Nikolai"]
[Result "1/2-1/2"]
[TimeControl "40+30"]
[WhiteElo "2203"]
[BlackElo "2206"]

1. Nf3 Nf6 2. d4 d5 3. c4 e6 4. Nc3 Be7 5. e3 O-O 6. Bd3 dxc4 7. Bxc4 b6 8. Qe2 Bb7 9. O-O c5 10.
Rd1 Nbd7 11. dxc5 Bxc5 12. a3 a5 13. Rb1 Qe7 14. e4 h6 15. h3 Rfd8 16. Bf4 Nf8 17. e5 Nd5 18. Bd2 Ng6 19.
Nxd5 Bxd5 20. b4 Bxf3 21. gxf3 axb4 22. axb4 Bd4 23. f4 Nh4 24. Bd3 Ra2 25. Rb3 g6 26. Bb1 Rb2 27. Rxb2 Bxb2 28.
Be3 Rxd1+ 29. Qxd1 Qxb4 30. Qd8+ Kh7 31. Qxh4 Qe1+ 32. Kg2 Qxb1 33. Qf6 Qe4+ 34. Kg3 Bc3 1/2-1/2

[Event "Senior Men Russian Championship 2022_HL"]
[Site "Saint-Petersburg, Russia"]
[Date "2022.09.26"]
[Round "3.8"]
[White "Mishuchkov, Nikolai M."]
[Black "Yakovlev, Yuri S."]
[Result "1-0"]
[TimeControl "40+30"]
[WhiteElo "2258"]
[BlackElo "1649"]

1. Nf3 b5 2. e4 Bb7 3. Bxb5 Bxe4 4. O-O Bb7 5. d4 Nf6 6.
c4 e6 7.
Nc3 Be7 8. Re1 O-O 9. Ba4 d6 10. Bc2 Nbd7 11. Bf4 Nh5 12. Be3 g6 13. Be4 c6 14. Bh6 Ng7 15. Nd2 Bg5 16. Bxg5 Qxg5 17.
g3 f5 18. Bg2 Qf6 19. c5 d5 20. Nf3 f4 21. Qd2 fxg3 22. fxg3 Rae8 23. Ne5 Qd8 24. Nxd7 Qxd7 25. Re5 Rf5 26. Rae1 Bc8 27. Bh3 Rxe5 28.
Rxe5 Qf7 29. Nd1 Rf8 30. Nf2 h5 31. Bg2 Nf5 32. Bh3 Kh7 33. Bxf5 gxf5 34. Nh3 Qg6 35. Qg5 Rf6 36. Qh4 Kg8 37.
Nf4 Qh6 38. Re3 Bd7 39. Rb3 Be8 40. Rb8 Rf8 41. Qe7 Bf7 42. Qxf8+ Qxf8 43. Rxf8+ Kxf8 44. h4 Ke7 45. Nd3 Be8 46.
Kf2 Kd8 47. Ke3 Ke7 48. Kf4 Kf6 49. b4 a6 50. Ne5 1-0

[Event "Senior Men Russian Championship 2022_HL"]
[Site "Saint-Petersburg, Russia"]
[Date "2022.09.26"]
[Round "3.6"]
[White "Osmolny, Vladimir I."]
[Black "Lisenko, Alexander V"]
[Result "1/2-1/2"]
[TimeControl "40+30"]
[WhiteElo "2092"]
[BlackElo "2307"]

1. c4 c5 2. Nc3 Nf6 3. Nf3 e6 4. e3 d5 5. d4 cxd4 6. exd4 dxc4 7. Bxc4 Be7 8. O-O Nc6 9. Bf4 O-O 10.
a3 b6 11. Qd3 Bb7 12. Rfd1 Rc8 13. Ba2 g6 14. Rac1 Qd7 15. h3 Rfd8 16. b4 Qe8 17. Qe3 Rd7 18. Rd3 Bf8 19. Rcd1 Bg7 20.
d5 exd5 21. Qxe8+ Rxe8 22. Nxd5 Nxd5 23. Bxd5 Ne5 24. Bxe5 Bxe5 25. Bxb7 Rxb7 26. Rd8 Rbe7 27. Rxe8+ Rxe8 28. Rd7 a5 29. Rb7 axb4 30. axb4 Rb8 31. Rd7 Bf6 32. Kf1 Rd8 33.
Rxd8+ Bxd8 34. Nd2 Kf8 35. Ke2 Ke7 36. Kd3 Kd6 37. Kc4 Kc6 38. b5+ Kd6 39. Ne4+ Ke5 40. Nd2 Be7 41. Nf3+ Ke4 42.
Nd2 Ke5 43. Nf3+ Kd6 44. Ne1 f5 45. g3 Ke6 46. Nd3 g5 47. f3 h6 48. g4 fxg4 49. hxg4 Bf6 50. Nb4 Ke5 51. Nd3+ Ke6 52.
Nb4 Be7 53. Nd3 Ke5 1/2-1/2

[Event "Senior Men Russian Championship 2022_HL"]
[Site "Saint-Petersburg, Russia"]
[Date "2022.09.26"]
[Round "3.10"]
[White "Berlin, Grigoriy"]
[Black "Kornilov, Anatoly"]
[Result "1-0"]
[TimeControl "40+30"]
[WhiteElo "2186"]
[BlackElo "2094"]

1. d4 Nf6 2. Nf3 g6 3. Bf4 Bg7 4. h3 O-O 5. e3 d6 6. Be2 Nbd7 7. c4 Re8 8. O-O e6 9. Nc3 a6 10.
Bh2 Qe7 11. Re1 b6 12. a4 a5 13. Nb5 Nb8 14. c5 Rd8 15. cxb6 cxb6 16. Rc1 Na6 17. Rc6 Ne8 18. Rxb6 Nb4 19.
Nd2 Bb7 20. Bf3 Nd5 21. Bxd5 Bxd5 22. Nc3 Nc7 23. Nde4 e5 24. Nxd5 Nxd5 25. Rb5 Nb4 26. Nc3 Rdc8 27. dxe5 dxe5 28.
Nd5 Nxd5 29. Qxd5 Rab8 30. Rd1 Rxb5 31. Qxb5 Qb4 32. g4 f6 33. Qd5+ Kh8 34. g5 Qxb2 35. gxf6 Bxf6 36. Qf7 Bg7 37.
Bg3 Qc2 38. Rd7 Rg8 39. Qxg7+ Rxg7 40. Rd8+ 1-0

[Event "Senior Men Russian Championship 2022_HL"]
[Site "Saint-Petersburg, Russia"]
[Date "2022.09.26"]
[Round "3.7"]
[White "Filipenko, Alexander V"]
[Black "Dragomarezkij, Evgeni"]
[Result "1/2-1/2"]
[TimeControl "40+30"]
[WhiteElo "2171"]
[BlackElo "2297"]

1. e4 e5 2. Nf3 Nf6 3. Nc3 Bb4 4. Nxe5 O-O 5. Nd3 Bxc3 6. dxc3 Nxe4 7. Be2 d6 8. O-O Nd7 9. f3 Nec5 10.
Re1 Re8 11. Bf1 b6 12. Rxe8+ Qxe8 13. Qe2 Ba6 14. Qf2 Ne5 15. Nxc5 Bxf1 16. Qxf1 bxc5 17. Bf4 Ng6 18. Bg3 Qe6 19. c4 1/2-1/2

[Event "Senior Men Russian Championship 2022_HL"]
[Site "Saint-Petersburg, Russia"]
[Date "2022.09.26"]
[Round "3.2"]
[White "Kalegin, Evgenij"]
[Black "Ionov, Sergey"]
[Result "1/2-1/2"]
[TimeControl "40+30"]
[WhiteElo "2386"]
[BlackElo "2513"]

1. e4 c5 2. Nf3 d6 3. Bb5+ Bd7 4. Bxd7+ Qxd7 5. O-O Nf6 6. e5 dxe5 7. Nxe5 Qc7 8. d4 cxd4 9. Bf4 Qb6 10.
Nd2 Nc6 11. c3 dxc3 12. bxc3 Nxe5 13. Bxe5 Nd7 14. Nf3 f6 15. Rb1 Qa6 16. Bd4 e5 17. Be3 O-O-O 18. c4 Bc5 19. Qe2 Qc6 20.
a4 Kb8 21. a5 Ka8 22. Nd2 Bxe3 23. Qxe3 Nc5 24. Nb3 Na6 25. c5 Rd7 26. Rfd1 Rhd8 27. Rxd7 Qxd7 28. h3 Qd3 29. Qc1 Rc8 30.
Qb2 g6 31. Nd4 Nxc5 32. Ne6 Qa6 33. Nxc5 Rxc5 34. Qb4 Rc8 35. Rd1 Qe6 36. Rd6 Qe7 37. a6 bxa6 38. Qd2 e4 39. Rd7 Qc5 40.
Kh2 h5 41. Rg7 h4 42. Qd7 Rb8 43. Rxg6 a5 44. Rxf6 Qe5+ 45. g3 hxg3+ 46. Kg2 Rg8 47. Qf7 Rd8 48. Rf5 Qd4 49. Qe6 Qb6 50.
Qxe4+ Qb7 51. Qxb7+ Kxb7 52. Rxa5 1/2-1/2

[Event "Senior Men Russian Championship 2022_HL"]
[Site "Saint-Petersburg, Russia"]
[Date "2022.09.26"]
[Round "3.3"]
[White "Loginov, Valery A"]
[Black "Provotorov, Alexandr P."]
[Result "0-1"]
[TimeControl "40+30"]
[WhiteElo "2478"]
[BlackElo "2277"]

1. Nf3 Nf6 2. c4 d6 3. d4 c6 4. Nc3 Nbd7 5. e4 e5 6. Be2 Be7 7. O-O O-O 8. Rb1 Re8 9. Re1 Bf8 10.
Bf1 a6 11. b4 exd4 12. Nxd4 c5 13. Nc2 cxb4 14. Nxb4 Nc5 15. f3 h6 16. Be3 Be6 17. Nbd5 Rb8 18. Rb2 Nxd5 19. Nxd5 Qc8 20.
g4 Bxd5 21. Qxd5 Nd7 22. Ba7 Re5 23. Qd2 Ra8 24. Bd4 Re6 25. Reb1 Nc5 26. Qe3 Rb8 27. h4 Be7 28. Rh2 Bf6 29.
Bxf6 Rxf6 30. g5 Re6 31. Bh3 h5 32. Qd4 Qc7 33. Bxe6 Nxe6 34. Qe3 Qxc4 35. Rd2 b5 36. a3 Qc5 37.
Qxc5 dxc5 38. Rd6 a5 39. Ra6 Nd4 40. Kf2 c4 41. g6 fxg6 42. Rd1 Nb3 43. Rd7 Nc5 0-1

[Event "Senior Men Russian Championship 2022_HL"]
[Site "Saint-Petersburg, Russia"]
[Date "2022.09.26"]
[Round "3.9"]
[White "Kasantsev, Anatolij B."]
[Black "Vul, Arkadi Eremeevich"]
[Result "1/2-1/2"]
[TimeControl "40+30"]
[WhiteElo "1908"]
[BlackElo "2181"]

1. d4 Nf6 2. c4 e6 3. Nc3 d5 4. cxd5 exd5 5.
Bg5 c6 6. e3 Nbd7 7. Bd3 Be7 8.
Qc2 h6 9. Bh4 Nh5 10. Bxe7 Qxe7 11. Nge2 Nb6 12. h3 Nf6 13. g4 Bd7 14. Ng3 g6 15. O-O-O O-O-O 16. Kb1 h5 17. g5 Ne8 18.
h4 Bg4 19. Rc1 Nd6 20. b3 Rhe8 21. a4 a5 22. Qd2 Bf3 23. Rhg1 Ne4 24. Bxe4 dxe4 1/2-1/2

[Event "Senior Men Russian Championship 2022_HL"]
[Site "Saint-Petersburg, Russia"]
[Date "2022.09.27"]
[Round "4.1"]
[White "Provotorov, Alexandr P."]
[Black "Ponfilenok, Vladimir"]
[Result "1/2-1/2"]
[TimeControl "40+30"]
[WhiteElo "2277"]
[BlackElo "2298"]

1. e4 e6 2. d3 d5 3. Nd2 Nf6 4. Ngf3 Nc6 5. c3 Bd6 6. g3 O-O 7. Bg2 dxe4 8. dxe4 e5 9. O-O a5 10.
Qc2 Qe7 11. Nc4 Bc5 12. Ne3 Rd8 13. Nh4 Be6 14. Nef5 Qd7 15. Bg5 Qd3 16. Qc1 Nxe4 17. Bxd8 Rxd8 18. Bxe4 Qxe4 19. Qg5 Bf8 20.
Rae1 Qd3 21. Rd1 Qxd1 22. Rxd1 Rxd1+ 23. Kg2 Rd7 24. a3 f6 25. Qh5 Rd8 26. Qg4 Re8 27. Kg1 Nd8 28. Qa4 c6 29.
Ne3 b6 30. b4 axb4 31. axb4 b5 32. Qc2 Re7 33. Nf3 Rd7 34. Nd2 1/2-1/2

[Event "Senior Men Russian Championship 2022_HL"]
[Site "Saint-Petersburg, Russia"]
[Date "2022.09.27"]
[Round "4.2"]
[White "Ionov, Sergey"]
[Black "Raetsky, Alexander"]
[Result "1/2-1/2"]
[TimeControl "40+30"]
[WhiteElo "2513"]
[BlackElo "2384"]

1. c4 e5 2. g3 Nf6 3. Bg2 c6 4. Nf3 e4 5. Nd4 d5 6. cxd5 Qxd5 7. Nc2 Qh5 8. Ne3 Bh3 9. Qb3 Nbd7 10.
Qxb7 Rb8 11. Qxc6 Bc5 12. Bxh3 Qxh3 13. Nc3 Bxe3 14. fxe3 Qg2 15. Rf1 O-O 16. Rf2 Qg1+ 17. Rf1 Qg2 18.
Rf2 Qg1+ 19. Rf1 Qg2 1/2-1/2

[Event "Senior Men Russian Championship 2022_HL"]
[Site "Saint-Petersburg, Russia"]
[Date "2022.09.27"]
[Round "4.3"]
[White "Balashov, Yuri S"]
[Black "Mishuchkov, Nikolai M."]
[Result "1/2-1/2"]
[TimeControl "40+30"]
[WhiteElo "2395"]
[BlackElo "2258"]

1. d4 Nf6 2. c4 e6 3. Nc3 Bb4 4. Nf3 O-O 5. Bg5 h6 6. Bh4 d5 7. e3 Nbd7 8. Rc1 c6 9. Qc2 Be7 10.
Bd3 dxc4 11. Bxc4 Nd5 12. Bg3 Qa5 13. O-O Nxc3 14. bxc3 b5 15. Bb3 Bb7 16. a4 Rfe8 17. Ra1 b4 18.
cxb4 Bxb4 19. Bc4 Rac8 20. Rfd1 Ba6 21. Rab1 Bf8 22. Bxa6 Qxa6 23. a5 c5 24. Qe4 cxd4 25. Qb7 Qxb7 26.
Rxb7 Nc5 27. Rxa7 dxe3 28. fxe3 Ne4 29. Rb7 Bc5 30. Nd4 Nxg3 31. hxg3 Ra8 32. Rb5 Bxd4 33. Rxd4 Re7 1/2-1/2

[Event "Senior Men Russian Championship 2022_HL"]
[Site "Saint-Petersburg, Russia"]
[Date "2022.09.27"]
[Round "4.4"]
[White "Pozin, Sergey"]
[Black "Kalegin, Evgenij"]
[Result "1/2-1/2"]
[TimeControl "40+30"]
[WhiteElo "2257"]
[BlackElo "2386"]

1. d4 Nf6 2. c4 g6 3. Nc3 Bg7 4. Nf3 O-O 5. e4 d6 6. Be2 e5 7. O-O Nbd7 8. Qc2 c6 9. Be3 h6 10.
Rad1 Qe7 11. h3 exd4 12. Rxd4 Re8 13. Bf4 Ne5 14. Rd2 Nh7 15. Rfd1 Nxf3+ 16. Bxf3 Be5 17. Bxe5 dxe5 18. Bg4 Bxg4 19.
hxg4 Nf6 20. f3 Qc5+ 21. Kh2 Kg7 22. Na4 Qe3 23. Qb3 Qf4+ 24. Kg1 b6 25. Nc3 Qe3+ 26. Kf1 h5 27. gxh5 Nxh5 28.
Ne2 Qg5 29. c5 bxc5 30. Rd7 Rf8 31. Rc7 Nf4 32. Nxf4 Qxf4 33. Rdd7 Rad8 34. Rxa7 Rxd7 35. Rxd7 Rh8 36. Kg1 Rh5 37.
a4 c4 38. Qc3 Qh2+ 39. Kf1 Qg3 40. Kg1 Qh2+ 41. Kf1 Qg3 42. Kg1 Rh2 43. Rd2 1/2-1/2

[Event "Senior Men Russian Championship 2022_HL"]
[Site "Saint-Petersburg, Russia"]
[Date "2022.09.27"]
[Round "4.5"]
[White "Kasantsev, Anatolij B."]
[Black "Loginov, Valery A"]
[Result "0-1"]
[TimeControl "40+30"]
[WhiteElo "1908"]
[BlackElo "2478"]

1. d4 Nf6 2. c4 e6 3. Nc3 Bb4 4. Qc2 d5 5. cxd5 exd5 6. Bg5 h6 7. Bh4 O-O 8. e3 c5 9. Bd3 c4 10.
Bf5 Bxf5 11. Qxf5 Qd7 12. Qf3 Ne4 13. Rc1 Nc6 14. Qh3 f5 15. f3 Nxc3 16. bxc3 Ba3 17. Rb1 Rae8 18. Bf2 Qf7 19.
f4 b5 20. Ne2 b4 21. O-O a5 22. Be1 Rb8 23. Bd2 b3 24. axb3 cxb3 25. g4 a4 26. gxf5 Qxf5 27. Qf3 Ne7 28.
Ng3 Qd3 29. Rfd1 Bd6 30. Be1 Qg6 31. Kh1 a3 32. f5 Rxf5 33. Nxf5 Qxf5 34. Qxf5 Nxf5 35. e4 dxe4 36. c4 Ne3 37.
Rdc1 b2 0-1

[Event "Senior Men Russian Championship 2022_HL"]
[Site "Saint-Petersburg, Russia"]
[Date "2022.09.27"]
[Round "4.6"]
[White "Lisenko, Alexander V"]
[Black "Kozlov, Oleg"]
[Result "0-1"]
[TimeControl "40+30"]
[WhiteElo "2307"]
[BlackElo "2279"]

1. c4 c6 2. Nf3 d5 3. b3 Bf5 4. Bb2 e6 5. g3 h6 6. Bg2 Nd7 7. O-O Ngf6 8. d3 Be7 9. Nbd2 O-O 10.
a3 a5 11. Rc1 Bh7 12. Rc2 Re8 13. Qa1 Bf8 14. Ne5 Nxe5 15. Bxe5 Nd7 16. Bc3 Qe7 17. Ra2 Qd6 18. b4 a4 19.
c5 Qc7 20. e4 Nb8 21. Re1 Na6 22. Nf3 Qd8 23. Rd2 Nc7 24. e5 Nb5 25. Bb2 b6 26. d4 Be7 27. cxb6 Qxb6 28. Bh3 Be4 29.
Re3 Nc7 30. Ne1 Bg5 31. f4 Be7 32.
Rf2 Nb5 33. Bg2 Bxg2 34. Kxg2 f5 35. Qd1 Kh7 36. Rd3 Rg8 37. Nf3 g5 38. Ng1 g4 39. Rc2 h5 40. Ne2 Kg6 41. Nc3 Kf7 42.
Re2 Qa6 43. Kf2 h4 44. Ke3 Rh8 45. Kd2 hxg3 46. hxg3 Rh3 47. Kc2 Rah8 48. Rg2 Nc7 49. Ne2 Rh1 50. Qd2 Na8 51. Rc3 Qb7 52.
Nc1 Nb6 53. Kb1 Nc4 54. Qe2 Qb5 55. Ka2 Bd8 56. Nd3 Bb6 57. Nc5 Ke7 58. Rc1 R1h3 59. Bc3 Ba7 60. Re1 Nb6 61. Bb2 Qc4+ 62.
Qxc4 dxc4 63. Rc1 Rh2 64.
Rcg1 Rxg2 65. Rxg2 Rh1 66. Bc3 Nd5 67.
Kb2 Bxc5 68. dxc5 Rf1 69. Rh2 Rf3 70. Be1 Rb3+ 71. Ka2 Re3 72. Bf2 Re2+ 73. Kb1 Kf7 74. Kc1 Kg7 75. Kd1 Ra2 76.
Ke1 Rxa3 77. b5 Ra1+ 78. Kd2 Ra2+ 79. Ke1 cxb5 80. c6 c3 0-1

[Event "Senior Men Russian Championship 2022_HL"]
[Site "Saint-Petersburg, Russia"]
[Date "2022.09.27"]
[Round "4.7"]
[White "Dragomarezkij, Evgeni"]
[Black "Berlin, Grigoriy"]
[Result "1-0"]
[TimeControl "40+30"]
[WhiteElo "2297"]
[BlackElo "2186"]

1. d4 d5 2. c4 c6 3. e3 Nf6 4.
Bd3 a6 5. b3 Bg4 6. Ne2 e6 7. Qc2 Bb4+ 8. Nbc3 Bxe2 9. Kxe2 c5 10. dxc5 Nc6 11. cxd5 exd5 12. Na4 Qe7 13. Bb2 d4 14.
e4 O-O 15. a3 Ba5 16. Kf1 Rfe8 17. b4 Bc7 18. Re1 Ng4 19. g3 Rad8 20. h3 Nge5 21. f4 Nxd3 22. Qxd3 g5 23. Bc1 gxf4 24.
gxf4 Kh8 25. Rg1 Qf6 26. Ke2 Rg8 27. e5 Qe6 28. Kd1 Ne7 29. Nb2 f6 30. Nc4 fxe5 31. fxe5 Nc6 32. Bg5 Rdf8 33.
Bf6+ Rxf6 34. exf6 Qxf6 35. Rxg8+ Kxg8 36. Rg1+ Kh8 37. Qf1 Qe7 38. Qf5 Bd8 39. Nd6 Ne5 40. Qxe5+ 1-0

[Event "Senior Men Russian Championship 2022_HL"]
[Site "Saint-Petersburg, Russia"]
[Date "2022.09.27"]
[Round "4.8"]
[White "Vul, Arkadi Eremeevich"]
[Black "Filipenko, Alexander V"]
[Result "1/2-1/2"]
[TimeControl "40+30"]
[WhiteElo "2181"]
[BlackElo "2171"]

1. Nf3 d5 2. d4 Nf6 3. c4 e6 4. Nc3 c6 5. e3 Nbd7 6. Bd3 dxc4 7. Bxc4 b5 8. Bd3 Bb7 9. O-O a6 10.
a4 b4 11. Ne4 c5 12. Nxf6+ Nxf6 13. dxc5 Ne4 14. c6 Bxc6 15. Ne5 Bb7 16. Nxf7 Kxf7 17. Qf3+ Qf6 18. Bxe4 Qxf3 19. Bxf3 Bxf3 20.
gxf3 Be7 21. e4 Bf6 22. Rb1 Rhd8 23. Be3 Rac8 24. f4 Bd4 25. Rfd1 Bxe3 26. fxe3 Kf6 27. Rbc1 Rxc1 28. Rxc1 Rd2 29.
Rc6 g6 30. Rxa6 Rxb2 31. Rb6 Re2 32. Rxb4 Rxe3 33. Kf2 Ra3 34. Kg2 g5 1/2-1/2

[Event "Senior Men Russian Championship 2022_HL"]
[Site "Saint-Petersburg, Russia"]
[Date "2022.09.27"]
[Round "4.10"]
[White "Nikitinyh, Boris"]
[Black "Zhelnin, Vladimir V"]
[Result "0-1"]
[TimeControl "40+30"]
[WhiteElo "1853"]
[BlackElo "2344"]

1. d4 g6 2. e4 Bg7 3. Nf3 d6 4. Be2 Nf6 5. Nc3 O-O 6. O-O a6 7. Re1 b5 8. Bd3 b4 9. Ne2 Bg4 10.
Ng3 Nc6 11. c3 bxc3 12. bxc3 e5 13. d5 Ne7 14. h3 Bd7 15. Be3 Ne8 16. Qd2 f5 17. exf5 gxf5 18. Bg5 Nf6 19. Nh4 Qc8 20.
Bc2 Rf7 21. c4 f4 22. Nf1 h6 23. Bxf6 Bxf6 24. Nf3 Bxh3 25. Ng3 Bg4 26. Nh2 fxg3 27. fxg3 Bg5 28. Qc3 Bf5 29. Nf3 Bxc2 30.
Qxc2 Qf5 31. Qe2 Qg4 32. Nxg5 Qxg5 33. g4 Raf8 34. Rad1 Ng6 0-1

[Event "Senior Men Russian Championship 2022_HL"]
[Site "Saint-Petersburg, Russia"]
[Date "2022.09.27"]
[Round "4.11"]
[White "Kornilov, Anatoly"]
[Black "Yakovlev, Yuri S."]
[Result "1-0"]
[TimeControl "40+30"]
[WhiteElo "2094"]
[BlackElo "1649"]

1. d4 c5 2. d5 e5 3. c4 d6 4. e4 f5 5. Nc3 Nf6 6. Bd3 f4 7. g3 fxg3 8. hxg3 Na6 9. f3 Bd7 10.
Be3 Be7 11. Qd2 Qc8 12. O-O-O Nc7 13. g4 Kd8 14. Nge2 a6 15. Ng3 b5 16. Nf5 b4 17. Ne2 Bxf5 18. exf5 Nce8 19. Rh2 e4 20.
Bxe4 Nxe4 21. fxe4 Nf6 22. Nf4 Kc7 23. Ne6+ Kb6 24. Qg2 Nd7 25. Bf4 Ra7 26. g5 Bf8 27. Qc2 Ne5 28. Bxe5 dxe5 29.
Qa4 Bd6 30. Rdh1 Qd7 31. Qxd7 Rxd7 32. Rxh7 Rg8 33. Rh8 Rxh8 34. Rxh8 1-0

[Event "Senior Men Russian Championship 2022_HL"]
[Site "Saint-Petersburg, Russia"]
[Date "2022.09.28"]
[Round "5.1"]
[White "Ponfilenok, Vladimir"]
[Black "Ionov, Sergey"]
[Result "0-1"]
[TimeControl "40+30"]
[WhiteElo "2298"]
[BlackElo "2513"]

1. d4 Nf6 2. c4 e6 3. g3 Bb4+ 4. Bd2 Be7 5. Bg2 d5 6. Nf3 O-O 7. O-O Nbd7 8. Qc2 c6 9. Bf4 a5 10.
Rd1 a4 11. Ne5 Qa5 12. Nc3 Nxe5 13. dxe5 Nd7 14. cxd5 exd5 15. e4 dxe4 16. Qxe4 Nc5 17. Qe3 Bg4 18. Bf3 Bxf3 19. Qxf3 Qb4 20.
Rab1 Rfd8 21. a3 Qc4 22. h4 h6 23. Rxd8+ Rxd8 24. Rd1 Rxd1+ 25. Nxd1 Ne6 26. Be3 Qb5 27. Qg4 Kf8 28. f4 Bc5 29.
Bxc5+ Qxc5+ 30. Kf1 Qd4 31. Nc3 g6 32. Qe2 Nc5 33. Qd1 Qxd1+ 34. Nxd1 Ke7 35. Ke2 Ke6 36. Ne3 h5 37. Kf3 b5 38.
g4 hxg4+ 39. Kxg4 Nd3 40. Kg5 Nxb2 41. f5+ Kxe5 42. fxg6 fxg6 43. Kxg6 Nd3 44. Ng2 Nf4+ 45. Nxf4 Kxf4 46.
h5 b4 47. h6 b3 48. h7 b2 49. h8=Q b1=Q+ 50. Kf7 Qf5+ 0-1

[Event "Senior Men Russian Championship 2022_HL"]
[Site "Saint-Petersburg, Russia"]
[Date "2022.09.28"]
[Round "5.2"]
[White "Kozlov, Oleg"]
[Black "Provotorov, Alexandr P."]
[Result "1/2-1/2"]
[TimeControl "40+30"]
[WhiteElo "2279"]
[BlackElo "2277"]

1. d4 Nf6 2. Nf3 g6 3. Bg5 Bg7 4. Nbd2 O-O 5. c3 d6 6. e4 Nbd7 7. Bc4 e5 8. dxe5 dxe5 9. h3 h6 10.
Be3 Nh5 11. g3 Qf6 12. Ng1 Qe7 13. Ne2 Nhf6 14. g4 Nc5 15. Qc2 c6 16. Ng3 Ne6 17. f3 b5 18. Bxe6 Bxe6 19. b4 Rfd8 20.
Nb3 Nd7 21. Na5 Rdc8 22. Qd2 c5 23. a3 cxb4 24. axb4 Nb6 25. Kf2 Qh4 26. Kg2 Rd8 27. Qc1 Rac8 28. Nb7 Rd3 29. Nc5 Rd6 30.
Rd1 Rxd1 31. Qxd1 Rd8 32. Qe1 Qe7 33. h4 Bc8 34. h5 Nc4 35. Ra2 Bf8 36. Bf2 Qc7 37. Nb3 a6 38. Qg1 Rd3 39.
Qe1 Bxb4 40. cxb4 Rxb3 41. Bc5 Rd3 42. Qe2 Qd8 43. hxg6 fxg6 44. Nf1 Rd7 45. Ne3 Nxe3+ 46. Qd1 1/2-1/2

[Event "Senior Men Russian Championship 2022_HL"]
[Site "Saint-Petersburg, Russia"]
[Date "2022.09.28"]
[Round "5.3"]
[White "Loginov, Valery A"]
[Black "Dragomarezkij, Evgeni"]
[Result "1-0"]
[TimeControl "40+30"]
[WhiteElo "2478"]
[BlackElo "2297"]

1. e4 e5 2. Nf3 Nf6 3. d4 Nxe4 4. Bd3 Nc6 5. O-O d5 6. dxe5 Be7 7. Nc3 Nxc3 8. bxc3 Bg4 9. Re1 Qd7 10.
h3 Be6 11. Rb1 Rb8 12. Bg5 O-O 13. Qd2 Rfe8 14. Qf4 Bxg5 15. Nxg5 h6 16. Nh7 Kh8 17. Nf6 Qe7 18. Nxe8 Qxe8 19.
c4 Ne7 20. cxd5 Bxd5 21. e6 Bxe6 22. Qxc7 Nd5 23. Qe5 Qc8 24. Bc4 Nc7 25. Bb3 b6 26. Re3 Rb7 27. Rg3 Qf8 28. Rd1 f6 29.
Qd6 Qxd6 30. Rxd6 Bxb3 31. cxb3 Na6 32. a3 Nc5 33. Re3 a5 34. g4 Kg8 35. b4 axb4 36. axb4 Na4 37. Red3 Rc7 38.
Rd8+ Kh7 39. R3d7 Rc1+ 40. Kg2 1-0

[Event "Senior Men Russian Championship 2022_HL"]
[Site "Saint-Petersburg, Russia"]
[Date "2022.09.28"]
[Round "5.4"]
[White "Kalegin, Evgenij"]
[Black "Balashov, Yuri S"]
[Result "1/2-1/2"]
[TimeControl "40+30"]
[WhiteElo "2386"]
[BlackElo "2395"]

1. e4 e5 2. Nf3 Nc6 3. Bb5 a6 4. Ba4 Nf6 5. O-O Be7 6. Re1 b5 7. Bb3 d6 8. c3 O-O 9. h3 Re8 10.
Ng5 Rf8 11. Nf3 Bb7 12. d4 Re8 13. Ng5 Rf8 14. Nf3 Re8 1/2-1/2

[Event "Senior Men Russian Championship 2022_HL"]
[Site "Saint-Petersburg, Russia"]
[Date "2022.09.28"]
[Round "5.5"]
[White "Raetsky, Alexander"]
[Black "Pozin, Sergey"]
[Result "0-1"]
[TimeControl "40+30"]
[WhiteElo "2384"]
[BlackElo "2257"]

1. d4 Nf6 2. c4 g6 3. Nc3 Bg7 4. e4 O-O 5. Be2 d6 6. Bg5 c5 7. d5 e6 8. Qd2 exd5 9. exd5 Qb6 10.
h3 Re8 11. Nf3 Bf5 12. Nh4 Ne4 13. Nxe4 Bxe4 14. f3 Qxb2 15. Rc1 h6 16. Be3 Qf6 17. g3 g5 18. Ng2 Bg6 19. O-O Nd7 20.
Kh2 Qb2 21. Qd1 Bd4 22. Bd2 Re7 23. f4 Rae8 24. Bg4 Be4 25. Re1 Nf6 26. Re2 Bd3 27. Rxe7 Rxe7 28. fxg5 Nxg4+ 29. Qxg4 Qxd2 30.
gxh6+ Kh7 31. Rd1 Qf2 0-1

[Event "Senior Men Russian Championship 2022_HL"]
[Site "Saint-Petersburg, Russia"]
[Date "2022.09.28"]
[Round "5.6"]
[White "Mishuchkov, Nikolai M."]
[Black "Zhelnin, Vladimir V"]
[Result "1/2-1/2"]
[TimeControl "40+30"]
[WhiteElo "2258"]
[BlackElo "2344"]

1. d4 Nf6 2. Nf3 g6 3. g3 Bg7 4. Bg2 O-O 5. O-O d6 6. b3 Nc6 7. Bb2 e5 8. dxe5 Ng4 9. Qd2 Ngxe5 10. c4 Bg4 11. Nd4 Nxd4 12. Bxd4 c5 13. Bb2 Qd7 14. f4 Nc6 15. Bxg7 Kxg7 16. Nc3 Rae8 17. Rf2 f6 18. Ne4 Rd8 19.
Re1 h5 20. h4 Nd4 21. e3 Nf5 22. Qc3 Qe7 23. Rd2 b6 24. Kf2 Nh6 25. Kg1 Nf5 26. Nf2 1/2-1/2